Map: Dusk Towers

Players

JimRising

  • Race: Zerg Zerg
  • League: Grandmaster

Shura (Scarlett) - Winner!

  • Race: Zerg Zerg
  • League: Grandmaster

Event: NationWars III

VOD

Have the link to the VOD?

Description

Time

  • Played on: Dec. 10, 2015, 11:37 a.m.
  • Length: 7:35
Show
View Real Time Build Order
Export as new Build Order

JimRising Zerg 

Build Orders: Hatch First, Zergling Baneling 

Get SALT Encoding   

  12  0:00  Drone  
  13  0:12  Overlord  
  13  0:19  Drone  
  14  0:31  Drone x2  
  14  0:34  Drone  
  17  0:53  Hatchery  
  17  0:55  Drone  
  17  0:58  Drone  
  17  1:01  Extractor  
  17  1:06  Drone  
  18  1:20  Spawning Pool  
  18  1:21  Drone  
  18  1:28  Drone  
  19  1:39  Overlord  
  19  1:50  Drone  
  20  2:06  Metabolic Boost, Queen  
  20  2:08  Zergling x2  
  23  2:09  Queen  
  23  2:12  Drone  
  23  2:14  Drone  
  27  2:24  Baneling Nest  
  27  2:25  Drone  
  27  2:28  Drone  
  28  2:31  Drone  
  28  2:35  Drone  
  30  2:42  Drone  
  31  2:45  Drone  
  32  3:00  Overlord  
  32  3:06  Zergling x2  
  32  3:07  Zergling x4  
  32  3:10  Hatchery  
  33  3:16  Drone  
  33  3:17  Overlord  
  35  3:20  Zergling x6  
  35  3:24  Zergling x4  
  39  3:28  Zergling x4  
  39  3:30  Baneling x2  
  41  3:36  Zergling x4  
  43  3:44  Zergling x2  
  44  3:49  Baneling x3  
  44  3:50  Baneling  
  44  3:54  Queen  
  44  3:55  Zergling x6  
  48  4:11  Drone x4  
  50  4:17  Drone x2  
  50  4:22  Roach Warren  
  51  4:25  Overlord  
  51  4:27  Drone  
  51  4:28  Extractor  
  51  4:37  Drone x3  
  53  4:39  Baneling x2  
  53  4:40  Baneling x2  
  53  4:45  Overlord  
  51  5:12  Roach  
  51  5:13  Roach x9  
  70  5:14  Overlord x2  
  70  5:19  Roach  
  70  5:20  Overlord  
  71  5:25  Drone  
  71  5:29  Overlord  
  71  5:30  Roach  
  72  5:36  Roach x3  
  72  5:39  Roach  
  72  5:40  Zergling x2  
  80  5:43  Zergling x4  
  80  5:44  Zergling x2  
  83  5:53  Zergling x10  
  88  5:58  Zergling x6  
  91  6:04  Baneling x4  
  91  6:05  Baneling  
  91  6:25  Zergling x10  
  85  6:26  Drone x5  
  85  6:27  Drone x4  
  85  6:32  Lair  
  86  6:34  Drone  
  86  6:35  Drone  
  76  6:49  Drone x2  
  76  6:51  Drone x2  
  76  6:52  Evolution Chamber, Drone  
  76  6:53  Roach  
  68  6:56  Roach  
  68  6:57  Roach  
  68  6:59  Spine Crawler  
  69  7:01  Roach x2  
  69  7:06  Roach x2  
  75  7:08  Roach  
  75  7:10  Roach  
  75  7:12  Roach  
  75  7:15  Roach  
Show
View Real Time Build Order
Export as new Build Order

Shura Zerg - Winner!

Build Orders: Hatch First 

Get SALT Encoding   

  12  0:00  Drone  
  13  0:13  Overlord  
  13  0:20  Drone  
  14  0:31  Drone x2  
  16  0:36  Drone  
  17  0:46  Drone  
  18  0:55  Hatchery  
  17  0:58  Drone  
  18  1:10  Spawning Pool  
  17  1:14  Drone  
  18  1:18  Extractor  
  18  1:19  Drone  
  18  1:29  Drone  
  19  1:39  Overlord  
  19  1:57  Zergling x2, Queen  
  22  2:03  Drone  
  22  2:06  Queen  
  22  2:07  Drone  
  26  2:13  Drone  
  27  2:18  Drone  
  27  2:20  Metabolic Boost  
  28  2:24  Drone  
  28  2:28  Drone  
  30  2:33  Queen  
  30  2:36  Overlord  
  32  2:40  Baneling Nest  
  32  2:41  Drone  
  32  2:45  Zergling x2  
  32  2:50  Drone  
  34  3:01  Drone x2  
  36  3:08  Drone x3  
  39  3:13  Drone  
  39  3:14  Drone  
  39  3:16  Drone x3  
  44  3:23  Hatchery  
  44  3:25  Baneling x2  
  43  3:27  Zergling x2  
  43  3:31  Overlord  
  43  3:34  Extractor  
  43  3:37  Evolution Chamber, Zergling x4  
  43  3:46  Baneling x2  
  43  3:52  Baneling  
  43  3:54  Zergling x4  
  43  3:55  Zergling x10  
  50  3:58  Zergling x2  
  51  4:04  Overlord  
  51  4:18  Zerg Missile Weapons Level 1  
  51  4:19  Overlord  
  51  4:21  Roach Warren  
  51  4:24  Drone x7  
  57  4:33  Lair  
  57  4:41  Drone x3  
  60  4:46  Drone  
  60  5:10  Drone  
  60  5:11  Drone x10  
  71  5:15  Extractor  
  71  5:16  Extractor  
  69  5:26  Overlord x2  
  69  5:27  Drone x3  
  72  5:37  Overlord x3  
  72  5:38  Glial Reconstitution, Extractor  
  72  5:40  Overseer  
  71  5:45  Drone  
  71  5:46  Drone x2  
  71  5:49  Roach  
  78  5:50  Roach x4  
  78  5:53  Spine Crawler x2  
  78  5:54  Spine Crawler, Roach  
  78  5:55  Spine Crawler  
  78  5:56  Roach  
  85  5:58  Spine Crawler  
  85  6:01  Roach  
  85  6:02  Baneling  
  85  6:03  Baneling x6  
  86  6:07  Roach x2  
  86  6:10  Roach  
  92  6:14  Roach  
  92  6:15  Roach x3  
  90  6:29  Roach x2  
  90  6:32  Roach  
  106  6:33  Roach x6  
  109  6:44  Roach x5  
  109  6:46  Queen  
  113  6:48  Overlord  
  113  6:57  Drone  
  113  6:58  Overlord x2  
  114  7:02  Extractor  
  114  7:05  Extractor  
  114  7:10  Overlord x2  
  114  7:20  Drone  
  114  7:21  Drone x5  
Tags
 
Add a new tag
Caveats
  • Supply blocks, unpowered buildings, or Contaminate may cause inaccurate times.
  • Supply counts are checked every 10 seconds.